 Dungeon Crawl Stone Soup version 0.31-a0-819-gf6de2f5ab6 (webtiles) character file.

Game seed: 13772701822809450062

82242 avis the Ripper (level 15, -8/73 HPs)
             Began as a Felid Shapeshifter on Sept 23, 2023.
             Was an Initiate of Gozag.
             Mangled by Frances
             ... wielding a +2 glaive of flaming
              (12 damage)
             ... on level 1 of the Spider Nest on Sept 24, 2023.
             The game lasted 03:00:47 (24213 turns).

avis the Ripper (Felid Shapeshifter)               Turns: 24213, Time: 03:00:48

Health: -8/73      AC:  3    Str: 12    XL:     15   Next: 29%
Magic:  16/16      EV: 35    Int: 12    God:    Gozag
Gold:   3196       SH:  0    Dex: 27    Spells: 9/14 levels left
                                        Lives:  0   Deaths: 5

rFire   . .          .
                       - Unarmed
rCold   + . .        (shield unavailable)
rNeg    . . .        (body armour unavailable)
rPois   +            (helmet unavailable)
rElec   .            (cloak unavailable)
rCorr   .            (gloves unavailable)
SInv    +            (boots unavailable)
Will    ++...        D - amulet of regeneration
Stlth   ++++         f - +6 ring of dexterity
HPRegen 1.12/turn    J - ring of poison resistance
MPRegen 0.15/turn

%: no passive effects
@: blade hands, studying 3 skills, quick
A: very small, (claws 1), fangs 3, see invisible, speed 1, shaggy fur 3,
(stealthy paws), no weapons or thrown items, no armour, multi-lived
a: Begin Untransformation, Renounce Religion, Potion Petition, Call Merchant,
Bribe Branch


You were on level 1 of the Spider Nest.
You worshipped Gozag.
Gozag was most pleased with you.
You had blades for front paws.
You visited 5 branches of the dungeon, and saw 22 of its levels.

You collected 6951 gold pieces.
You spent 1720 gold pieces at shops.
You paid 2035 gold pieces to Gozag.

Inventory:

Jewellery
 e - a ring of protection from fire
 f - a +6 ring of dexterity (left blade hand)
 g - a ring of wizardry
 p - a ring of resist corrosion
 q - a ring of protection from cold
 A - a +6 ring of strength
 B - a ring of willpower
 D - an amulet of regeneration (around neck)
 G - a +6 ring of strength
 J - a ring of poison resistance (right blade hand)
Talismans
 l - a blade talisman (active)
 s - a serpent talisman
Wands
 o - a wand of charming (6)
 z - a wand of light (3)
 F - a wand of flame (27)
 H - a wand of iceblast (5)
Scrolls
 h - 2 scrolls of fear {unknown}
 i - a scroll of poison
 j - 7 scrolls of vulnerability {unknown}
 k - 5 scrolls of teleportation
 n - 3 scrolls of enchant armour {unknown}
 u - 5 scrolls of fog
 w - a scroll of revelation
 y - a scroll of butterflies
 I - 5 scrolls of blinking
 L - a scroll of immolation
 N - a scroll of amnesia {unknown}
Potions
 a - 4 potions of curing
 b - 4 potions of haste
 c - 3 potions of cancellation
 d - 2 potions of brilliance
 m - a potion of mutation
 r - a potion of invisibility
 t - 3 potions of ambrosia
 v - 4 potions of enlightenment
 x - 4 potions of lignification
 C - a potion of magic
 E - a potion of degeneration {unknown}
 K - 2 potions of might


   Skills:
 - Level 13.0 Fighting
 - Level 15.0 Dodging
 - Level 5.0 Stealth
 - Level 15.0 Unarmed Combat
 * Level 11.7 Evocations
 - Level 14.0 Shapeshifting


You had 9 spell levels left.
You knew the following spells:

 Your Spells              Type           Power      Damage    Failure   Level
a - Apportation           Tloc           0%         N/A       32%         1
g - Passage of Golubria   Tloc           0%         N/A       97%         4

Your spell library contained the following spells:

 Spells                   Type           Power      Damage    Failure   Level
 Freeze                   Ice            0%         1d3       32%         1
 Necrotise                Necr           0%         1d4       32%         1
 Sandblast                Erth           0%         2d4       32%         1
 Shock                    Conj/Air       0%         1d3       32%         1
 Slow                     Hex            0%         N/A       32%         1
 Summon Small Mammal      Summ           0%         N/A       32%         1
 Ensorcelled Hibernation  Hex/Ice        0%         N/A       45%         2
 Jinxbite                 Hex            0%         N/A       45%         2
 Passwall                 Tmut/Erth      0%         N/A       45%         2
 Confusing Touch          Hex            0%         N/A       69%         3
 Frozen Ramparts          Ice            0%         1d1       69%         3
 Hailstorm                Conj/Ice       0%         3d3       69%         3
 Sigil of Binding         Hex            0%         N/A       69%         3
 Stone Arrow              Conj/Erth      0%         3d7       69%         3
 Summon Guardian Golem    Hex/Summ       0%         N/A       69%         3
 Tukima's Dance           Hex            0%         N/A       69%         3
 Vampiric Draining        Necr           0%         2d6       69%         3
 Airstrike                Air            0%         2d(0-16)  97%         4
 Anguish                  Hex/Necr       0%         N/A       97%         4
 Brom's Barrelling Bould  Conj/Erth      0%         2d3       97%         4
 Petrify                  Tmut/Erth      0%         N/A       97%         4
 Summon Ice Beast         Ice/Summ       0%         N/A       97%         4
 Summon Lightning Spire   Summ/Air       0%         N/A       97%         4
 Lee's Rapid Deconstruct  Erth           0%         3d4*      100%        5
 Metabolic Englaciation   Hex/Ice        0%         N/A       100%        5
 Summon Mana Viper        Hex/Summ       0%         N/A       100%        5
 Yara's Violent Unravell  Hex/Tmut       0%         3d3       100%        5
 Monstrous Menagerie      Summ           0%         N/A       100%        7
 Orb of Destruction       Conj           0%         9d5       100%        7
 Spellforged Servitor     Conj/Summ      0%         N/A       100%        7
 Animate Armour           Summ/Erth      Unusable   N/A       N/A         4

Dungeon Overview and Level Annotations

Branches:
Dungeon (13/15)            Temple (1/1) D:6            Lair (5/5) D:9
 Shoals (0/4) Lair:3       Spider (1/4) Lair:2        Slime (0/5) Lair:4
    Orc (2/2) D:12            Elf (0/3) Orc:2        Vaults (0/5) D:13

Altars:
Ashenzari
Cheibriados
Dithmenos
Elyvilon
Fedhas
Gozag
Hepliaklqana
Kikubaaqudgha
Makhleb
Nemelex Xobeh
Okawaru
Qazlal
Ru
Sif Muna
Trog
Uskayaw
Vehumet
Wu Jian
Xom
Yredelemnul
Zin
The Shining One
Jiyva

Shops:
D:11 [   Orc:2 =**=   Lair:1 :   Lair:5 :

Annotations:
Spider:1 Frances


Innate Abilities, Weirdness & Mutations

You have blades for front paws.
((You have sharp claws.))
You have razor-sharp teeth.
You have supernaturally acute eyesight. (SInv)
You cover ground quickly. (Speed+)
Your thick and shaggy fur keeps you warm. (AC +3, rC+)
((Your paws help you pounce on unaware monsters.))
You are incapable of wielding weapons or throwing items.
You cannot wear armour.
You gain extra lives every three experience levels.


Message History

Frances is moderately wounded.
Frances is no longer blind.
Frances chants phrases taken from a devil's mouth.
You closely miss Frances.
Frances is moderately wounded.
Frances screams a word of power!
The iron shot misses you.
The iron shot hits the hellwing!!
You hit Frances.
Frances is heavily wounded.
The hellwing completely misses you. The hellwing closely misses you.
The tarantella closely misses you.
You barely miss Frances. You bite Frances.
Frances is heavily wounded.
Frances hits you with a +2 glaive of flaming!
Frances burns you! The hellwing completely misses you.
The hellwing closely misses you. The tarantella completely misses you.
You completely miss Frances. You bite Frances, but do no damage.
Frances is heavily wounded.
Frances completely misses you. The tarantella touches you!
The hellwing hits you. The hellwing hits you!
You hit Frances. You bite Frances, but do no damage.
Frances is heavily wounded.
The tarantella completely misses you. Frances misses you.
You slice Frances!! Your slash misses Frances.
Frances is severely wounded.
The hellwing completely misses you. The hellwing misses you.
The tarantella completely misses you.
You barely miss Frances.
Frances is severely wounded.
Frances screams a word of power!
The tarantella completely misses you. The hellwing misses you.
The hellwing completely misses you.
You barely miss Frances. You slash Frances.
Frances is severely wounded.
The tarantella misses you.
Frances hits you with a +2 glaive of flaming!!
* * * LOW HITPOINT WARNING * * *
Frances burns you!
You die...
Your body crumbles into a pile of gold.

###............#.....#
###...........##.....#
.##...........#.....##
..###.................
..##..................
..###.............###
..# ###.............#
###
#...........s.##..#
#.......^.4@@......
#...................
##..........3......#
###................
##(.......^......
##....##.....###
#############


You could see Frances, a soul eater (summoned), a hellwing (summoned) and a
tarantella.

Vanquished Creatures
  Nessos (Lair:3)
  A slime creature (D:12)
  2 fire dragons
  An ettin (Orc:1)
  7 vault guards (D:13)
  Erolcha (Orc:1)
  Fannar (D:10)
  5 hydras
  4 ogre magi (Orc:2)
  The ghost of greenreed the Destroyer, a journeyman TeAE of Vehumet (D:13)
  A catoblepas (D:13)
  A centaur warrior (D:13)
  An orc high priest (Orc:1)
  17 two-headed ogres
  6 death yaks (Lair:5)
  2 skysharks (Lair:5)
  A fire crab (Lair:5)
  The ghost of javelincjr the Ruffian, a novice DrSh of Makhleb (D:7)
  2 orc sorcerers (Orc:1)
  An orc knight (Orc:1)
  2 wolf spiders (Lair:2)
  2 cyclopes
  3 ugly things
  5 manticores
  8 elephants
  Joseph (D:10)
  10 black mambas
  A merfolk siren (Lair:3)
  3 molten gargoyles (Lair:5)
  A torpor snail (Lair:3)
  14 cane toads
  A kobold demonologist (D:10)
  2 unseen horrors (D:10)
  A rime drake (Lair:2)
  16 komodo dragons
  The ghost of Sundig the Shield-Bearer, an amateur DgFi (D:4)
  A hornet (D:9)
  A hornet (shapeshifter) (D:13)
  5 trolls
  26 blink frogs
  3 shadows
  2 culicivoras (Spider:1)
  Sigmund (D:2)
  32 yaks
  8 wyverns
  3 basilisks
  6 redbacks
  5 steam dragons
  6 vampire mosquitoes
  2 acid dragons (D:12)
  14 two-headed ogre zombies (Orc:1)
  6 water moccasins
  Edmund (D:3)
  3 hell hounds (Lair:5)
  2 black bears
  8 orc warriors
  A sky beast (D:8)
  2 ice beasts
  18 wolves
  26 ogres
  6 centaurs
  2 phantoms
  7 bullfrogs
  2 kobold brigands
  A scorpion (D:4)
  4 wights (D:10)
  3 howler monkeys (D:12)
  3 electric eels
  5 lava snakes
  4 jellies
  16 orc priests
  3 hounds
  8 iguanas
  26 orc wizards
  5 adders
  7 gnolls
  15 white imps
  2 ufetubi
  2 worms (D:3)
  3 dart slugs
  70 orcs
  6 bats
  3 bat skeletons (D:13)
  2 bat zombies (D:13)
  6 endoplasms
  7 giant cockroaches
  8 goblins
  8 hobgoblins
  7 jackals
  10 quokkas
  11 ball pythons
  2 frilled lizards (D:1)
  14 kobolds
  7 rats
  A spectral hobgoblin (D:2)
596 creatures vanquished.

Vanquished Creatures (others)
  A vault guard (D:13)
  A two-headed ogre (D:9)
  A wyvern (D:9)
  A yak (D:11)
  A water moccasin (D:9)
  An orc (Orc:1)
  A quokka (D:8)
7 creatures vanquished.

Grand Total: 603 creatures vanquished

Notes
Turn   | Place    | Note
-------+----------+-------------------------------------------
     0 | D:1      | avis the Felid Shapeshifter began the quest for the Orb.
     0 | D:1      | Reached XP level 1. HP: 9/9 MP: 2/2
    52 | D:1      | Reached skill level 1 in Stealth
   231 | D:1      | Reached XP level 2. HP: 9/12 MP: 3/3
   555 | D:2      | Reached XP level 3. HP: 12/15 MP: 4/4
   874 | D:2      | Noticed Sigmund
   969 | D:2      | Found a faded altar of an unknown god.
  1574 | D:2      | Reached XP level 4. HP: 19/19 MP: 5/5
  1910 | D:3      | Found a blossoming altar of Fedhas.
  1968 | D:3      | Found a glowing golden altar of the Shining One.
  2404 | D:4      | Noticed a phantom
  2461 | D:3      | Reached XP level 5. HP: 19/23 MP: 6/6
  2642 | D:3      | Killed a phantom
  2751 | D:4      | Reached skill level 5 in Unarmed Combat
  2787 | D:4      | Gained mutation: You are covered in thick fur. (AC +2)
                  | [Felid growth]
  2787 | D:4      | Reached XP level 6. HP: 28/28 MP: 7/7
  2865 | D:4      | Identified the +1 mace of the Ageless Xeniums {holy, Fly
                  | Stlth+}
  3062 | D:4      | Noticed Edmund
  3148 | D:4      | Noticed Sundig's ghost (amateur DgFi)
  3149 | D:4      | Found a runed translucent gate.
  3149 | D:4      | Found a runed translucent gate.
  3149 | D:4      | Found a runed translucent gate.
  3332 | D:4      | Found an ancient bone altar of Kikubaaqudgha.
  3606 | D:5      | Entered Level 5 of the Dungeon
  3727 | D:5      | Reached skill level 5 in Shapeshifting
  3921 | D:4      | Reached XP level 7. HP: 31/31 MP: 8/8
  4021 | D:4      | HP: 2/46 [Edmund/+5 flail of protection (2)]
  4022 | D:4      | Mangled by Edmund
  4382 | D:4      | Reached skill level 5 in Dodging
  4635 | D:5      | Got a sparkling book
  4644 | D:5      | Found the Hermit's Pendant {Faith Invo=14 Evo=0 MP+5}
  4720 | D:4      | Slain by a scorpion
  4766 | D:4      | Reached XP level 8. HP: 14/34 MP: 9/9
  5919 | D:5      | Reached skill level 5 in Stealth
  5921 | D:5      | Reached skill level 1 in Evocations
  6110 | D:6      | Found a staircase to the Ecumenical Temple.
  6119 | Temple   | Found a transporter.
  6119 | Temple   | Found a transporter.
  6119 | Temple   | Found a transporter.
  6119 | Temple   | Found a transporter.
  6119 | Temple   | Entered the Ecumenical Temple
  6143 | Temple   | Became a worshipper of Gozag Ym Sagoz the Greedy
  6438 | D:6      | Upgraded the game from 0.31-a0-818-ge7c7cf74f0 to
                  | 0.31-a0-819-gf6de2f5ab6
  6577 | D:6      | Reached skill level 5 in Fighting
  6731 | D:7      | Found a shadowy altar of Dithmenos.
  6800 | D:7      | Reached XP level 9. HP: 29/40 MP: 10/10
  7129 | D:7      | Found a runed translucent door.
  7322 | D:7      | Noticed javelincjr's ghost (novice DrSh)
  7443 | D:8      | Found a white marble altar of Elyvilon.
  7977 | D:8      | Found a burning altar of Makhleb.
  8577 | D:9      | Noticed a two-headed ogre
  8612 | D:9      | Reached skill level 5 in Evocations
  8615 | D:9      | Reached XP level 10. HP: 38/45 MP: 11/11
  8663 | D:9      | Found a staircase to the Lair.
  8908 | D:9      | Found a sparkling altar of Nemelex Xobeh.
  9180 | D:10     | Entered Level 10 of the Dungeon
  9425 | D:10     | Noticed Joseph
  9439 | D:10     | Killed Joseph
  9587 | D:10     | Reached skill level 10 in Dodging
  9605 | D:10     | Noticed Fannar
  9627 | D:10     | Killed Fannar
  9884 | D:10     | Reached XP level 11. HP: 48/50 MP: 12/12
 10209 | D:11     | Found Peigrupav's Antique Armour Shop.
 10365 | D:11     | Noticed a green ugly thing
 10395 | D:11     | Killed a green ugly thing
 10398 | D:11     | Reached skill level 10 in Unarmed Combat
 10571 | D:11     | Noticed a two-headed ogre
 10580 | D:11     | Killed a two-headed ogre
 10850 | D:11     | Reached skill level 10 in Shapeshifting
 11278 | Lair:1   | Entered Level 1 of the Lair of Beasts
 12361 | Lair:1   | Gained mutation: Your thick and shaggy fur keeps you warm.
                  | (AC +3, rC+) [Felid growth]
 12361 | Lair:1   | Reached XP level 12. HP: 54/54 MP: 13/13
 12795 | Lair:2   | Found a hole to the Spider Nest.
 13552 | Lair:3   | Noticed a seven-headed hydra
 13555 | Lair:3   | Killed a seven-headed hydra
 13560 | Lair:3   | Noticed Nessos
 13566 | Lair:3   | Shot with an arrow by Nessos
 13576 | Lair:3   | Killed Nessos
 13730 | Lair:3   | Found a staircase to the Shoals.
 13876 | Lair:3   | Noticed a five-headed hydra
 13895 | Lair:3   | Slain by a five-headed hydra
 13903 | Lair:3   | Killed a five-headed hydra
 14235 | Lair:3   | Noticed a death yak
 14235 | Lair:3   | Noticed a death yak
 14241 | Lair:3   | Reached XP level 13. HP: 7/58 MP: 14/14
 15089 | Lair:4   | Found a staircase to the Slime Pits.
 15090 | Lair:4   | Found a viscous altar of Jiyva.
 15974 | Lair:5   | Entered Level 5 of the Lair of Beasts
 16778 | Lair:5   | Reached skill level 10 in Fighting
 17272 | Lair:5   | Noticed a fire dragon
 17273 | Lair:5   | Found a large runed translucent door.
 17478 | Lair:5   | Found a large runed translucent door.
 17747 | Lair:5   | Killed a fire dragon
 17748 | Lair:5   | Reached XP level 14. HP: 67/67 MP: 15/15
 17754 | Lair:5   | Identified the staff of Wyrd {rElec rPois rC+ rN+++ Poison}
 18278 | Lair:5   | Bought a manual of Fighting for 1440 gold pieces
 18973 | D:12     | Found a staircase to the Orcish Mines.
 18996 | D:12     | Identified a scroll of acquirement
 19071 | D:11     | Acquired a manual of Shapeshifting
 19650 | Spider:1 | Entered Level 1 of the Spider Nest
 19991 | D:13     | Noticed greenreed's ghost (journeyman TeAE)
 19994 | D:13     | Found a runed translucent door.
 20027 | D:13     | Found an ancient bone altar of Kikubaaqudgha.
 20483 | D:13     | Found a gate to the Vaults.
 20829 | D:13     | Learned a level 4 spell: Passage of Golubria
 20831 | D:13     | Learned a level 1 spell: Apportation
 21024 | D:3      | Killed Edmund
 21098 | D:2      | Killed Sigmund
 21244 | D:4      | Killed Sundig's ghost
 21345 | D:7      | Killed javelincjr's ghost
 21559 | D:13     | Killed greenreed's ghost
 21606 | Orc:1    | Entered Level 1 of the Orcish Mines
 21655 | Orc:1    | Found a radiant altar of Vehumet.
 21960 | Orc:2    | Entered Level 2 of the Orcish Mines
 22055 | Orc:1    | Reached skill level 15 in Unarmed Combat
 22164 | Orc:1    | Reached skill level 10 in Evocations
 22272 | Orc:1    | Reached XP level 15. HP: 73/73 MP: 16/16
 22319 | Orc:2    | Found Ijegivor's General Store.
 22319 | Orc:2    | Found Daigrag's Book Boutique.
 22319 | Orc:2    | Found Isek's General Store.
 22319 | Orc:2    | Found Guylan's Jewellery Emporium.
 22387 | Orc:2    | Found a burning altar of Makhleb.
 22456 | Orc:2    | Found a staircase to the Elven Halls.
 23104 | Orc:1    | Noticed Erolcha
 23113 | Orc:1    | Killed Erolcha
 23114 | Orc:1    | Reached skill level 15 in Dodging
 23819 | Orc:2    | Bought a ring of poison resistance for 280 gold pieces
 24043 | Spider:1 | Slain by a redback
 24121 | Spider:1 | Noticed Frances
 24213 | Spider:1 | Mangled by Frances

Illustrated notes

Levels and vault maps discovered:
D:1:      zelgadis_glass_arrival_small, layout_basic,
          amcnicky_mini_corridor_feature, reono_crystal_passage,
          minmay_misc_feat_ornament
D:2:      layout_basic, dreamdust_ecumenical_altar_drowned_temple, st_stairs_12,
          kennysheep_generic_room_8, uniq_sigmund
D:3:      layout_rooms, mainiacjoe_overflow_catch_the_wave,
          minmay_close_crescents
D:4:      layout_basic, mainiacjoe_overflow_surrounded_room,
          gammafunk_ghost_nasty_kobolds, grunt_ministairs_15, uniq_edmund
D:5:      layout_gridville, minmay_misc_feat_cross
D:6:      layout_cave_pools, minmay_temple_entry_antechambers,
          chequers_serial_rivers_room_b, grunt_ministairs_2,
          minmay_crystal_water, dreamdust_wishing_well
D:7:      layout_loops_ring, mainiacjoe_overflow_small_starburst,
          ebering_ghost_reflecting_pool, kennysheep_generic_room_7
D:8:      layout_loops_ring, bloody_makhleb, elyvilon_altar_4
D:9:      layout_irregular_city, overflow_temple_1_default, david_lair_generic
D:10:     layout_loops_ring, uniq_fannar, uniq_joseph
D:11:     layout_grid_maze, serial_shops, shop
D:12:     layout_basic, hiddenorc2_lemuel
D:13:     layout_cross, erik_vaults_2, hellmonk_ghost_happy_afterlife,
          kennysheep_vampire_church
Temple:   hellmonk_temple_divided_pantheon
Lair:1:   layout_loops_ring
Lair:2:   layout_hall_layers, spider_nest_entry_webs, st_stairs_5,
          nicolae_quartered_pool_super, beast_lair_carwin_5
Lair:3:   beast_lair_carwin_large_1, layout_cave_pods, elwin_shoals_entry_rooms,
          uniq_nessos
Lair:4:   layout_gridlike, slime_entry_1
Lair:5:   cheibrodos_lair_end_hotspot, layout_cave_pods, serial_rivers,
          chequers_serial_rivers_room_a, chequers_serial_rivers_micro_a,
          chequers_serial_rivers_micro_a, chequers_serial_rivers_micro_a,
          chequers_serial_rivers_large_a
Spider:1: layout_spider_delve, uniq_frances
Orc:1:    lemuel_ogre_cave, layout_caves, portal_ice_cave_entry_imps,
          basic_altar
Orc:2:    st_orc_ogre_mass, layout_caves, basic_altar, nicolae_orc_lava_tube

Skill      XL: |  1  2  3  4  5  6  7  8  9 10 11 12 13 14 15 |
---------------+----------------------------------------------+-----
Stealth        | 2 3 5 |  5.0
Dodging        | 3 4 6 7 8 10 11 13 14 15 | 15.0
Fighting       | 2 3 5 6 7 8 11 13 | 13.0
Unarmed Combat | 4 5 6 7 8 9 10 12 15 | 15.0
Shapeshifting  | 5 6 7 9 12 14 | 14.0
Evocations     | 3 5 6 7 9 10 11 | 11.7

Action                     |  1- 3 |  4- 6 |  7- 9 | 10-12 | 13-15 || total
---------------------------+-------+-------+-------+-------+-------++-------
  Melee: Unarmed           |    89 |   181 |   263 |   471 |   863 ||  1867
         Bite              |     6 |    18 |    47 |    45 |    97 ||   213
         Punch             |     2 |     4 |     5 |     8 |    73 ||    92
         Constrict         |       |       |       |    37 |    24 ||    61
 Invoke: Call Merchant     |       |       |       |     1 |     2 ||     3
  Evoke: Wand              |       |       |     5 |     6 |    11 ||    22
    Use: Potion            |       |       |     4 |    10 |     5 ||    19
         Scroll            |       |       |    16 |     4 |     4 ||    24
   Stab: Sleeping          |    12 |     1 |     8 |     3 |    13 ||    37
         Distracted        |       |       |       |     7 |    10 ||    17
         Invisible         |       |       |       |       |     6 ||     6
 Armour: Skin              |    16 |    53 |   105 |   191 |   231 ||   596
  Dodge: Dodged            |    52 |   156 |   197 |   377 |   798 ||  1580
   Form: Flux              |       |       |     1 |     1 |       ||     2
         Blade             |       |       |       |     5 |     4 ||     9
         Anaconda          |       |       |       |     3 |     4 ||     7

Table legend: (Time is in decaauts)
 A = Elapsed time spent in this place.
 B = Non-inter-level travel time spent in this place.
 C = Inter-level travel time spent in this place.
 D = Time resting spent in this place.
 E = Time spent auto-exploring this place.
 F = Levels seen in this place.
 G = Mean time per level.
                   A        B        C        D        E       F      G
               +--------+--------+--------+--------+--------+-----+--------+
         Total |  20732 |  17585 |   3147 |   2430 |   7836 |  22 |  942.4 |
       Dungeon |  12333 |   9988 |   2345 |   1657 |   4765 |  13 |  948.7 |
        Temple |     56 |     48 |      8 |      0 |      0 |   1 |   56.0 |
          Lair |   6421 |   5805 |    616 |    737 |   2374 |   5 | 1284.2 |
   Spider Nest |    144 |    144 |      0 |      0 |     46 |   1 |  144.0 |
  Orcish Mines |   1776 |   1599 |    177 |     35 |    650 |   2 |  888.0 |
               +--------+--------+--------+--------+--------+-----+--------+

Top non-repeatable levels by time:
  Lair:5: 1928 daAuts
     D:4: 1899 daAuts
  Lair:3: 1379 daAuts
  Lair:2: 1164 daAuts
  Lair:1: 1106 daAuts
     D:9: 1050 daAuts
   Orc:1: 1037 daAuts
     D:5: 1031 daAuts
    D:11: 1004 daAuts
    D:10: 970 daAuts
     D:8: 922 daAuts
     D:2: 890 daAuts
    D:12: 871 daAuts
  Lair:4: 843 daAuts
    D:13: 771 daAuts
